 Dungeon Crawl Stone Soup version 0.23.2-1-ga50397a6bc (webtiles) character file.

Game seed: 14493697103839694014

2291 Phaedo the Slicer (level 9, -10/61 HPs)
             Began as a Vampire Assassin on May 7, 2019.
             Was a Believer of Kikubaaqudgha.
             Mangled by a warg (12 damage)
             ... on level 7 of the Dungeon on May 9, 2019.
             The game lasted 00:33:27 (7870 turns).

Phaedo the Slicer (Vampire Assassin)                Turns: 7870, Time: 00:33:29

Health: -10/61     AC: 11    Str: 16    XL:     9   Next: 17%
Magic:  9/9        EV: 13    Int: 14    God:    Kikubaaqudgha [**....]
Gold:   591        SH: 10    Dex: 15    Spells: 8/8 levels left

rFire    + . .     SeeInvis +   b - +0 blowgun
rCold    . . .     Gourm    .   h - +0 shield
rNeg     + . .     Faith    .   m - +2 ring mail {rF+}
rPois    .         Spirit   .   w - +1 helmet
rElec    .         Reflect  .   d - +0 cloak
rCorr    .         Harm     .   F - +0 pair of gloves (curse)
MR       .....                  (no boots)
Stlth    ++++......             (no amulet)
HPRegen  0.20/turn              v - ring of stealth
MPRegen  0.11/turn              s - +3 ring of strength

@: no status effects
A: fangs 3, see invisible, unbreathing
a: Bat Form, Receive Corpses, Renounce Religion


You were on level 7 of the Dungeon.
You worshipped Kikubaaqudgha.
Kikubaaqudgha was pleased with you.
You were not thirsty.

You visited 1 branch of the dungeon, and saw 7 of its levels.
You also visited: Sewer.

You collected 591 gold pieces.

Inventory:

Hand Weapons
 a - a +2 dagger
 b - a +0 blowgun (weapon)
 r - a +0 rapier
Missiles
 f - 2 curare-tipped needles (quivered)
 j - 131 stones
 u - a throwing net
 D - 9 tomahawks
Armour
 c - a +0 robe
 d - a +0 cloak (worn)
 h - a +0 shield (worn)
 m - a +2 ring mail of fire resistance (worn)
 t - a cursed +0 ring mail
 w - a +1 helmet (worn)
 F - a cursed +0 pair of gloves (worn)
Jewellery
 q - an uncursed ring of ice
 s - a +3 ring of strength (right hand)
 v - a ring of stealth (left hand)
 y - a +3 ring of intelligence {unknown}
 C - an uncursed ring of fire {unknown}
Wands
 G - a wand of paralysis (13)
 I - a wand of iceblast (3)
Scrolls
 e - a scroll of immolation {unknown}
 g - 4 scrolls of remove curse
 i - 2 scrolls of fog
 n - 2 scrolls of amnesia {unknown}
 o - 3 scrolls of teleportation {unknown}
Potions
 k - 2 potions of magic
 l - 4 potions of curing
 p - a potion of might
 x - 3 potions of agility
 z - 3 potions of blood
 A - a potion of cancellation {unknown}
 B - a potion of flight {unknown}
 E - 2 potions of haste
 J - a potion of lignification {unknown}


   Skills:
 - Level 1.7 Fighting
 - Level 8.0 Short Blades
 - Level 1.5 Throwing
 + Level 6.7 Dodging
 - Level 7.0 Stealth
 * Level 5.2 Shields
 - Level 5.0 Necromancy


You had 8 spell levels left.
You didn't know any spells.
Your spell library contained the following spells:

 Spells                   Type           Power        Failure   Level  Hunger
 Pain                     Necr           ##..         26%         1    ##.....
 Corpse Rot               Necr           N/A          36%         2    ###....
 Sublimation of Blood     Necr           ##........   36%         2    ###....
 Vampiric Draining        Necr           ##........   58%         3    ####...
 Beastly Appendage        Tmut           #.....       89%         1    ##.....
 Magic Dart               Conj           #...         89%         1    ##.....
 Searing Ray              Conj           #.....       96%         2    ###....
 Sticks to Snakes         Tmut           #.......     96%         2    ###....
 Dazzling Spray           Conj/Hex       #.....       99%         3    ####...
 Spider Form              Tmut/Pois      #.........   99%         3    ####...
 Force Lance              Conj/Tloc      #.......     100%        4    #####..
 Fulminant Prism          Conj/Hex       #.........   100%        4    #####..
 Ice Form                 Ice/Tmut       #.......     100%        4    #####..
 Iskenderun's Mystic Bla  Conj           #.......     100%        4    #####..
 Blade Hands              Tmut           #.........   100%        5    ######.


Dungeon Overview and Level Annotations

Branches:
Dungeon (7/15)             Temple (0/1) D:7

Altars:
Dithmenos
Gozag
Kikubaaqudgha
Makhleb
Qazlal
Vehumet
Wu Jian
Zin
The Shining One

Shops:
D:7 (

Annotations:
D:5 exclusion: statue


Innate Abilities, Weirdness & Mutations

You have razor-sharp teeth.
You have supernaturally acute eyesight. (SInv)
You can survive without breathing.


Message History

You shoot a needle of paralysis.
The needle of paralysis completely misses the warg.
The warg closely misses you.
Firing (i - inventory. (/) - cycle)
H - 2 needles of paralysis (quivered)
Press: ? - help, Shift-Dir - straight line, f/p - warg
Aim: a warg (chance to paralyse on hit: 41%)
You shoot a needle of paralysis. The needle of paralysis hits the warg.
The warg resists.
The warg misses you. You block the warg's attack. You block the warg's attack.
Firing (i - inventory. (/) - cycle)
H - a needle of paralysis (quivered)
Press: ? - help, Shift-Dir - straight line, f/p - warg
Aim: a warg (chance to paralyse on hit: 41%)
You shoot a needle of paralysis. The needle of paralysis hits the warg.
The warg resists.
The warg is lightly wounded.
The warg bites you!
* * * LOW HITPOINT WARNING * * *
The warg bites you!
You die...
Kikubaaqudgha rasps: "You have failed me!
Welcome... oblivion!"

≈≈≈≈≈≈≈≈≈≈≈≈≈....#.....###.......
...........P.....#...............
..........# ...#........###......
..#.......# #...........#####..#
h...#....#####.##.......###.....#
##..#....##...^#.#..#.......##..#
##.#####.##.##.....##.(...#)....#
##..# #.....####...÷#.....#.....#
##.#####....####@...............#
#..# #(....((.#h....#...........#
...###.........h....#.#..####...#
.....................##...# ##..#
........##............###.#####..
#.......##.##.....#...##......[..
#.......#.......#.#...#..#.##....
#..........##.###........#.##....
........##..#.###........###...##


You could see 2 wargs.

Vanquished Creatures
  A warg (D:7)
  A water moccasin (D:5)
  An orc warrior (D:5)
  A black bear (D:6)
  An ice beast (D:7)
  3 ogres
  A phantom (D:6)
  2 centaurs
  2 bullfrogs
  A scorpion (D:4)
  A centaur zombie (D:7)
  4 crimson imps
  2 bullfrog zombies (D:5)
  2 orc priests
  2 centaur skeletons
  3 hounds
  2 orc wizards
  4 iguanas
  Jessica (D:2)
  3 worker ants
  A killer bee zombie (D:6)
  A hound zombie (D:6)
  2 worker ant zombies
  11 gnolls (D:6)
  9 adders
  2 shadow imps
  An adder skeleton (D:5)
  3 worms
  13 dart slugs
  8 leopard geckos
  10 orcs
  9 bats
  7 giant cockroaches
  5 goblins
  5 hobgoblins
  6 jackals
  8 quokkas
  3 ball pythons
  16 frilled lizards
  A jackal skeleton (D:5)
  13 kobolds
  9 rats
181 creatures vanquished.

Notes
Turn   | Place    | Note
-------+----------+-------------------------------------------
     0 | D:1      | Phaedo the Vampire Assassin began the quest for the Orb.
     0 | D:1      | Reached XP level 1. HP: 16/16 MP: 1/1
    81 | D:1      | Reached XP level 2. HP: 16/22 MP: 2/2
   604 | D:1      | Reached XP level 3. HP: 27/27 MP: 3/3
   882 | D:2      | Reached skill level 3 in Short Blades
  1259 | D:2      | Noticed Jessica
  1278 | D:2      | Killed Jessica
  1278 | D:2      | Reached XP level 4. HP: 22/33 MP: 4/4
  1693 | D:2      | Found a glowing silver altar of Zin.
  1694 | D:2      | Found an opulent altar of Gozag.
  1860 | D:2      | Noticed an ogre
  1879 | D:2      | Killed an ogre
  1879 | D:2      | Reached skill level 4 in Short Blades
  1879 | D:2      | Reached XP level 5. HP: 38/38 MP: 2/5
  2116 | D:3      | Found a stormy altar of Qazlal.
  2141 | D:3      | Reached skill level 5 in Short Blades
  2323 | D:2      | HP: 1/38 [orc/+0 mace (3)]
  2703 | D:3      | Found a glowing drain.
  2726 | Sewer    | Entered a sewer
  3182 | Sewer    | Reached XP level 6. HP: 17/44 MP: 6/6
  3590 | D:3      | Reached skill level 6 in Short Blades
  4252 | D:3      | Found a glowing golden altar of the Shining One.
  4268 | D:3      | Found an ancient bone altar of Kikubaaqudgha.
  4277 | D:3      | Became a worshipper of Kikubaaqudgha
  4429 | D:4      | Reached skill level 1 in Necromancy
  4801 | D:4      | Reached XP level 7. HP: 47/49 MP: 7/7
  5456 | D:5      | Entered Level 5 of the Dungeon
  5524 | D:5      | Found a radiant altar of Vehumet.
  5617 | D:5      | Reached skill level 1 in Shields
  5660 | D:5      | Found an ornate altar of the Wu Jian Council.
  5691 | D:5      | Reached skill level 5 in Dodging
  5718 | D:5      | Reached skill level 7 in Short Blades
  5719 | D:5      | Found a burning altar of Makhleb.
  5962 | D:5      | Reached XP level 8. HP: 55/55 MP: 8/8
  6118 | D:5      | Noticed a balrug
  6121 | D:5      | Noticed a hellwing
  6330 | D:6      | Reached * piety under Kikubaaqudgha
  6330 | D:6      | Identified Kikubaaqudgha's Papyrus of Stolen Souls
                  | (Kikubaaqudgha gifted it to you on level 6 of the Dungeon)
  6330 | D:6      | Received a gift from Kikubaaqudgha
  6611 | D:6      | Found a shadowy altar of Dithmenos.
  7265 | D:6      | Reached ** piety under Kikubaaqudgha
  7523 | D:7      | Found Iffysopo's Weapon Shoppe.
  7556 | D:7      | Reached XP level 9. HP: 61/61 MP: 9/9
  7599 | D:7      | Reached skill level 8 in Short Blades
  7641 | D:7      | Reached skill level 5 in Necromancy
  7759 | D:7      | Found a staircase to the Ecumenical Temple.
  7862 | D:7      | Reached skill level 5 in Shields
  7870 | D:7      | HP: 2/61 [warg (8)]
  7870 | D:7      | Mangled by a warg

Skill      XL: |  1  2  3  4  5  6  7  8  9 |
---------------+----------------------------+-----
Stealth        | 6 7 |  7.0
Short Blades   | 3 4 5 6 7 8 |  8.0
Dodging        | 2 3 4 5 6 |  6.7
Necromancy     | 1 3 4 5 |  5.0
Shields        | 2 4 5 |  5.2
Fighting       | |  1.7
Throwing       | |  1.5

Action                   |  1- 3 |  4- 6 |  7- 9 || total
-------------------------+-------+-------+-------++-------
Melee: Dagger            |   114 |    64 |     1 ||   179
       Bite              |     9 |    20 |    58 ||    87
       Rapier            |       |   145 |   373 ||   518
 Fire: Blowgun           |       |    22 |    41 ||    63
Throw: Stone             |     2 |    26 |    14 ||    42
 Abil: Bat Form          |       |     3 |     4 ||     7
       End Transformatio |       |     3 |     4 ||     7
Evoke: Wand              |       |       |     2 ||     2
  Use: Scroll            |     1 |     6 |     1 ||     8
       Potion            |       |     3 |     1 ||     4
 Stab: Sleeping          |     8 |    16 |    19 ||    43
       Distracted        |       |       |     2 ||     2
  Eat: Corpse            |     2 |     9 |    10 ||    21
Armor: Robe              |    13 |    42 |       ||    55
       Ring mail         |       |    21 |    86 ||   107
Dodge: Dodged            |    54 |   116 |   135 ||   305
Block: Shield            |       |       |   127 ||   127
